 Dungeon Crawl Stone Soup version 0.31-a0-1237-gabc64e778c (webtiles) character file.

Game seed: 15072399967760506647

586 wildpjah the Sneak (level 7, 0/32 HPs)
             Began as a Vine Stalker Enchanter on Dec 16, 2023.
             Succumbed to a scorpion's poison
             ... on level 4 of the Dungeon.
             The game lasted 00:08:44 (3435 turns).

wildpjah the Sneak (Vine Stalker Enchanter)         Turns: 3435, Time: 00:08:44

Health: 0/32       AC:  8    Str: 11    XL:     7   Next: 37%
Magic:  5/12       EV: 12    Int: 15    God:
Gold:   128        SH:  5    Dex: 16    Spells: 10/12 levels left

rFire   . . .        a - +1 dagger
rCold   . . .        m - +0 buckler
rNeg    . . .        r - +1 animal skin
rPois   .            s - +0 helmet
rElec   .            (no cloak)
rCorr   .            (no gloves)
SInv    .            (no boots)
Will    .....        (no amulet)
Stlth   ++++         n - +4 ring of protection
HPRegen 1.05/turn    (no ring)
MPRegen 0.13/turn

%: guardian spirit
@: lethally poisoned (0 -> -4), invisible
A: fangs 2, regeneration 1, magic shield, antimagic bite, no potion heal 2
a: no special abilities


You were on level 4 of the Dungeon.
You visited 1 branch of the dungeon, and saw 4 of its levels.

You collected 128 gold pieces.

Inventory:

Hand Weapons
 a - a +1 dagger (weapon)
 q - a +0 falchion of electrocution
Missiles
 v - a throwing net
Armour
 b - a +0 robe
 m - a +0 buckler (worn)
 r - a +1 animal skin (worn)
 s - a +0 helmet (worn)
Jewellery
 n - a +4 ring of protection (left hand)
Scrolls
 d - a scroll of noise {unknown}
 f - 3 scrolls of teleportation {unknown}
 g - a scroll of vulnerability {unknown}
 h - a scroll of amnesia {unknown}
 j - a scroll of enchant weapon {unknown}
 l - 2 scrolls of identify {unknown}
 o - a scroll of immolation {unknown}
 p - a scroll of summoning {unknown}
 u - 2 scrolls of blinking {unknown}
 x - a scroll of fear {unknown}
Potions
 c - a potion of invisibility
 e - 2 potions of magic {unknown}
 i - 3 potions of enlightenment {unknown}
 k - 2 potions of degeneration {unknown}
 t - a potion of cancellation {unknown}
 w - a potion of lignification {unknown}
 z - a potion of curing {unknown}


   Skills:
 + Level 0.7 Fighting
 + Level 1.8(2.0) Short Blades
 + Level 1.2(1.7) Long Blades
 + Level 2.3 Dodging
 * Level 7.2 Stealth
 * Level 2.4 Shields
 + Level 3.0 Spellcasting
 + Level 3.6 Hexes
 + Level 1.8 Ice Magic


You had 10 spell levels left.
You knew the following spells:

 Your Spells              Type           Power      Damage    Failure   Level
a - Ensorcelled Hibernat  Hex/Ice        20%        N/A       14%         2

Your spell library contained the following spells:

 Spells                   Type           Power      Damage    Failure   Level
 Confusing Touch          Hex            13%        N/A       19%         3
 Tukima's Dance           Hex            13%        N/A       19%         3
 Dazzling Flash           Conj/Hex       14%        N/A       38%         3
 Hailstorm                Conj/Ice       5%         3d5       50%         3
 Summon Ice Beast         Ice/Summ       5%         N/A       88%         4
 Simulacrum               Ice/Necr       2%         N/A       100%        6


Dungeon Overview and Level Annotations

Branches:
Dungeon (4/15)             Temple (0/1) D:4

Altars:


Innate Abilities, Weirdness & Mutations

You have extremely sharp teeth.
Your natural rate of healing is unusually fast.
When hurt, damage is shared between your health and your magic reserves.
Your bite disrupts and absorbs the magic of your enemies.
Potions cannot restore your health.


Message History

You feel sick. The scorpion stings you.
You closely miss the scorpion.
The scorpion is moderately wounded.
You feel sick. The scorpion stings you.
The scorpion stings you but does no damage.
You hit the scorpion.
The scorpion is moderately wounded.
You feel sick. You block the scorpion's attack.
You hit the scorpion but do no damage. Your bite misses the scorpion.
The scorpion is moderately wounded.
You feel sick. You block the scorpion's attack. The scorpion stings you.
You are more poisoned.
The scorpion poisons you!
Your magical contamination has completely faded away.
You barely miss the scorpion. Your bite misses the scorpion.
The scorpion is moderately wounded.
You feel very sick. The scorpion barely misses you.
You hit the scorpion.
You bite the scorpion, but do no damage.
The scorpion is heavily wounded.
You feel very sick. The scorpion stings you.
* * * LOW HITPOINT WARNING * * *
You are lethally poisoned!
The scorpion poisons you! The scorpion stings you.
* * * LOW HITPOINT WARNING * * *
You fade into invisibility!
* * * LOW HITPOINT WARNING * * *
You feel very sick. The scorpion barely misses you.
Press: ? - help, v - describe, . - travel The floor, spattered with blood.
Your +0 falchion of electrocution stops crackling.
a - a +1 dagger (weapon)
* * * LOW HITPOINT WARNING * * *
You feel sick. The scorpion barely misses you.
You hit the scorpion. Your bite misses the scorpion.
The scorpion is heavily wounded.
You die...

#.# #.# . #....# #.#
. #.... #.#
.#.>#....# #.####..
#.....# #.##..?#
#.#...# .# #.##...#
#.#...#
...##.##..####.#...#
.....<.#.###.<..@s.#
#.###....#...###...#
#.......## #.>.#
#........# ###.#
#.....###..# .#
.......## #..# .#
.......## #... #
..##...# ###.
.#.....#


You could see a scorpion (unable to see you).

Vanquished Creatures
  Sigmund (D:3)
  A phantom (D:4)
  A howler monkey (D:4)
  A gnoll bouda (D:4)
  2 orc wizards
  Robin (D:3)
  5 gnolls (D:4)
  6 adders
  A white imp (D:3)
  2 worms (D:2)
  A dart slug (D:3)
  11 orcs
  3 endoplasms
  4 giant cockroaches
  15 goblins
  11 hobgoblins
  6 kobolds
  2 quokkas
  4 ball pythons
  8 bats
  8 frilled lizards
  4 rats
98 creatures vanquished.

Notes
Turn   | Place    | Note
-------+----------+-------------------------------------------
     0 | D:1      | wildpjah the Vine Stalker Enchanter began the quest for the
                  | Orb.
     0 | D:1      | Reached XP level 1. HP: 9/9 MP: 4/4
   111 | D:1      | Reached skill level 1 in Short Blades
   227 | D:1      | Reached skill level 4 in Stealth
   318 | D:1      | Reached XP level 2. HP: 13/13 MP: 6/6
   336 | D:1      | Found a faded altar of an unknown god.
   846 | D:2      | Learned a level 2 spell: Ensorcelled Hibernation
   868 | D:2      | Reached XP level 3. HP: 15/16 MP: 7/7
  1406 | D:2      | Reached skill level 5 in Stealth
  1406 | D:2      | Reached XP level 4. HP: 21/21 MP: 8/8
  1679 | D:3      | Noticed Robin
  1699 | D:3      | Killed Robin
  2176 | D:3      | Noticed Sigmund
  2191 | D:3      | Killed Sigmund
  2192 | D:3      | Reached skill level 6 in Stealth
  2192 | D:3      | Reached skill level 1 in Shields
  2192 | D:3      | Reached skill level 1 in Ice Magic
  2192 | D:3      | Reached XP level 5. HP: 25/25 MP: 7/10
  2192 | D:3      | Reached XP level 6. HP: 29/29 MP: 7/11
  3144 | D:4      | Found a staircase to the Ecumenical Temple.
  3171 | D:4      | Reached XP level 7. HP: 26/32 MP: 6/12
  3176 | D:4      | Reached skill level 7 in Stealth
  3379 | D:4      | Reached skill level 1 in Long Blades
  3434 | D:4      | HP: 1/32 [poisoned by a scorpion]
  3435 | D:4      | Succumbed to a scorpion's poison

Illustrated notes

Levels and vault maps discovered:
D:1:      roderic_chinese_lattice_arrival, layout_basic,
          hellmonk_ecumenical_altar_leap_of_faith
D:2:      minmay_general_purpose_star, layout_basic, minmay_tetromino_t2
D:3:      layout_basic, nicolae_concentric_dashed_squares_mild, uniq_sigmund,
          uniq_robin
D:4:      layout_rooms, mainiacjoe_overflow_surrounded_room,
          minmay_temple_entry_glass

Skill      XL: |  1  2  3  4  5  6  7 |
---------------+----------------------+-----
Short Blades   | 1 |  1.8
Stealth        | 4 5 6 7 |  7.2
Dodging        | 2 |  2.3
Shields        | 1 2 |  2.4
Ice Magic      | 1 |  1.8
Spellcasting   | 3 |  3.0
Long Blades    | 1 |  1.2
Fighting       | |  0.7
Hexes          | |  3.6

Action                     |  1- 3 |  4- 6 |  7- 9 || total
---------------------------+-------+-------+-------++-------
  Melee: Dagger            |   108 |    66 |     3 ||   177
         Bite              |    20 |    26 |     8 ||    54
         Falchion          |       |    55 |    41 ||    96
   Cast: Ensorcelled Hiber |     9 |    34 |     5 ||    48
    Use: Potion            |       |     1 |     1 ||     2
   Stab: Sleeping          |    14 |    19 |     1 ||    34
         Distracted        |       |       |     1 ||     1
 Armour: Robe              |    48 |    15 |       ||    63
         Animal skin       |       |    57 |    29 ||    86
  Dodge: Dodged            |    48 |    57 |    20 ||   125
  Block: Buckler           |     1 |    16 |    13 ||    30

Table legend: (Time is in decaauts)
 A = Elapsed time spent in this place.
 B = Non-inter-level travel time spent in this place.
 C = Inter-level travel time spent in this place.
 D = Time resting spent in this place.
 E = Time spent auto-exploring this place.
 F = Levels seen in this place.
 G = Mean time per level.
                   A        B        C        D        E       F      G
               +--------+--------+--------+--------+--------+-----+--------+
         Total |   3448 |   3320 |    128 |      0 |   2556 |   4 |  862.0 |
       Dungeon |   3448 |   3320 |    128 |      0 |   2556 |   4 |  862.0 |
               +--------+--------+--------+--------+--------+-----+--------+

Top non-repeatable levels by time:
     D:3: 1369 daAuts
     D:2: 875 daAuts
     D:1: 767 daAuts
     D:4: 436 daAuts
